 Dungeon Crawl Stone Soup version 0.27.1-4-g1640c2035a (webtiles) character file.

Game seed: 663862513784634636

13776 styxcanada the Unseen (level 11, -15/60 HPs)
             Began as a Spriggan Brigand on Nov 15, 2021.
             Was an Initiate of Gozag.
             Demolished by a komodo dragon (18 damage)
             ... on level 1 of the Lair of Beasts on Nov 17, 2021.
             The game lasted 01:07:52 (16549 turns).

styxcanada the Unseen (Spriggan Brigand)           Turns: 16549, Time: 01:07:53

Health: -15/60     AC:  9    Str:  7    XL:     11   Next: 80%
Magic:  0/22       EV: 24    Int: 17    God:    Gozag
Gold:   287        SH:  0    Dex: 20    Spells: 20/23 levels left

rFire    + + .     SeeInvis +   O - +1 short sword (venom)
rCold    . . .     Faith    .   (shield restricted)
rNeg     . . .     Spirit   +   r - +1 robe {rF+}
rPois    +         Reflect  .   (helmet restricted)
rElec    .         Harm     .   c - +1 cloak
rCorr    .         Rampage  .   (gloves unavailable)
Will     +....                  (boots unavailable)
Stlth    ++++++....             n - amulet of guardian spirit
HPRegen  0.20/turn              o - +4 ring of protection
MPRegen  0.18/turn              z - ring of Amorality {rPois rF+ Int+4 Slay+2 SInv}

@: very slightly contaminated, studying Slings, invisible, very quick
A: very small, no large weapons, unfitting armour, see invisible, speed 3,
mutation resistance 1, robust 1
a: Renounce Religion, Potion Petition, Call Merchant, Bribe Branch


You were on level 1 of the Lair of Beasts.
You worshipped Gozag.
Gozag was aware of your devotion.
You visited 3 branches of the dungeon, and saw 13 of its levels.

You collected 1647 gold pieces.
You spent 433 gold pieces at shops.
You paid 927 gold pieces to Gozag.

Inventory:

Hand Weapons
 a - a +3 dagger of freezing
 e - a +0 hunting sling of flaming
 O - a +1 short sword of venom (weapon)
 Q - the +2 short sword of the Volcano {protect, rElec rPois rCorr Str-4}
   (You bought it in a shop on level 1 of the Lair of Beasts)

   It grants its wielder temporary protection when it strikes (+7 to AC).
   Str:       It affects your strength (-4).
   rElec:     It insulates you from electricity.
   rPois:     It protects you from poison.
   rCorr:     It protects you from acid and corrosion.
Missiles
 h - 265 stones
 s - 33 poisoned darts (quivered)
 v - 6 curare-tipped darts
 y - 10 sling bullets
Armour
 c - a +1 cloak (worn)
 r - a +1 robe of fire resistance (worn)
Jewellery
 n - an amulet of guardian spirit (around neck)
 o - a +4 ring of protection (left hand)
 z - the ring of Amorality (right hand) {rPois rF+ Int+4 Slay+2 SInv}
   (You found it on level 4 of the Dungeon)

   [ring of poison resistance]

   Int:       It affects your intelligence (+4).
   Slay:      It affects your accuracy & damage with ranged weapons and melee
   (+2).
   rF:        It protects you from fire.
   rPois:     It protects you from poison.
   SInv:      It lets you see invisible.
 A - a +6 ring of intelligence
 F - a ring of magical power
 I - an amulet of the acrobat
 M - a ring of ice
Wands
 p - a wand of digging (7)
 D - a wand of charming (6)
 G - a wand of iceblast (2)
 H - a wand of flame (17)
Scrolls
 f - a scroll of immolation
 k - 8 scrolls of teleportation
 K - a scroll of fear
 N - a scroll of identify
 P - a scroll of fog
Potions
 b - a potion of ambrosia
 d - a potion of resistance
 g - 2 potions of brilliance
 i - 2 potions of lignification
 q - a potion of cancellation
 u - 2 potions of haste
 w - 3 potions of curing
 x - 4 potions of heal wounds
 C - a potion of might
 L - 2 potions of magic


   Skills:
 * Level 5.1 Fighting
 + Level 6.3 Short Blades
 * Level 8.8(9.3) Slings
 + Level 3.6(6.0) Throwing
 * Level 9.4 Dodging
 * Level 16.0 Stealth
 * Level 6.9 Spellcasting
 * Level 6.7 Hexes
 * Level 8.0 Evocations


You had 20 spell levels left.
You knew the following spells:

 Your Spells              Type           Power      Damage    Failure   Level
a - Confusing Touch       Hex            28%        N/A       2%          3

Your spell library contained the following spells:

 Spells                   Type           Power      Damage    Failure   Level
 Slow                     Hex            28%        N/A       1%          2
 Summon Guardian Golem    Hex/Summ       17%        N/A       9%          3
 Pain                     Necr           20%        1d5       12%         1
 Ozocubu's Armour         Ice            5%         N/A       34%         3
 Vampiric Draining        Necr           2%         2d6       34%         3
 Yara's Violent Unravell  Hex/Tmut       8%         3d5       63%         5
 Agony                    Necr           5%         N/A       97%         5
 Excruciating Wounds      Necr           2%         N/A       97%         5
 Ozocubu's Refrigeration  Ice            2%         4d5       100%        7
 Borgnjor's Revivificati  Necr           2%         N/A       100%        8
 Summon Horrible Things   Summ           2%         N/A       100%        8


Dungeon Overview and Level Annotations

Branches:
Dungeon (11/15)            Temple (1/1) D:7            Lair (1/6) D:11
    Orc: D:9-12

Altars:
Ashenzari
Cheibriados
Dithmenos
Gozag
Hepliaklqana
Kikubaaqudgha
Makhleb
Qazlal
Ru
Vehumet
Wu Jian
The Shining One

Shops:
D:1 ?   D:3 !   D:6 *   Lair:1 (

Annotations:
D:8 mrw3rdna's ghost, novice HOFi
D:10 1 runed translucent door


Innate Abilities, Weirdness & Mutations

You are very small and have problems with some larger weapons.
You are too small for most types of armour.
You have supernaturally acute eyesight. (SInv)
You cover ground extremely quickly. (Speed+++)
You are somewhat resistant to further mutation.
You are robust. (+10% HP)


Message History

You start resting.
Magic restored.
You start resting.
HP restored.
You climb downwards.
Welcome back to the Lair of Beasts!
The komodo dragon bites you but does no damage.
The komodo dragon closely misses you.
There is a staircase back to the Dungeon, spattered with blood here.
You see here a stone.
You see here a stone.
Your +0 hunting sling of flaming stops flaming.
Your +1 short sword of venom begins to drip with poison!
O - a +1 short sword of venom (weapon)
The komodo dragon bites you!!
You hit the komodo dragon but do no damage.
The eight-headed hydra closely misses you.
The eight-headed hydra bites you! x2
The eight-headed hydra completely misses you.
The eight-headed hydra bites you!
The eight-headed hydra completely misses you. x2
The eight-headed hydra bites you.
You fade into invisibility!
The komodo dragon bites you!!
* * * LOW HITPOINT WARNING * * *
The eight-headed hydra completely misses you.
The eight-headed hydra misses you.
The eight-headed hydra completely misses you.
The eight-headed hydra barely misses you. x2
The eight-headed hydra bites you.
* * * LOW HITPOINT WARNING * * *
The eight-headed hydra completely misses you.
The eight-headed hydra barely misses you.
You are very lightly contaminated with residual magic.
You catch the helpless komodo dragon completely off-guard!
You impale the komodo dragon!!
The komodo dragon is almost dead.
The komodo dragon completely misses you.
The komodo dragon bites you!!
You die...
Your body crumbles into a pile of gold. #....#..........##.###..P# ....#..........##P.#..#.P# ....#.....∩.....(.......# ..............P##......# #...#.D.....(.........### #..###..##(#.#####....# ........####..# #(.### P#....P.# #PDl#

#.## ....#.#D# ##@## #(#
#.. #.#.# #l# #.# ##
#..l# #<## #l# #...##
#..# ##.# # #.#..# #..#
#P)## #.###
#..(####.####...#......
...#.#.###(.(.(........#
.........(..#####...#####
........P#.........##


You could see an eight-headed hydra and 2 komodo dragons.

Vanquished Creatures
  The ghost of nroviw the Severer, a novice HOFi of Okawaru (D:8)
  2 two-headed ogres
  Erica (D:8)
  The ghost of mrw3rdna the Basher, a novice MiBe of Trog (D:8)
  The ghost of FancyManDan the Skirmisher, a novice DsAK of Lugonu (D:8)
  The ghost of rogsnak the Thaumaturge, a novice GnWz of Okawaru (D:8)
  The ghost of gorillafan208 the Skirmisher, a novice OgBe of Trog (D:5)
  An ugly thing (D:11)
  A manticore (D:10)
  A gargoyle (D:11)
  A komodo dragon (Lair:1)
  An unseen horror (D:11)
  2 trolls (D:11)
  A hornet (D:9)
  Sigmund (D:2)
  2 shadows (D:11)
  A wraith (D:9)
  A wyvern (D:9)
  9 yaks
  3 vampire mosquitoes (D:10)
  A steam dragon (D:8)
  An acid dragon (D:9)
  3 water moccasins
  2 ice beasts
  4 orc warriors
  2 ogres
  2 centaurs
  2 kobold brigands
  A phantom (D:6)
  2 bullfrogs (D:8)
  3 gnoll sergeants (D:5)
  2 water moccasin zombies (D:6)
  3 scorpions
  A water moccasin skeleton (D:4)
  4 killer bees (D:8)
  3 wights (D:9)
  3 centaur zombies
  2 jellies
  A bullfrog skeleton (D:7)
  5 orc priests (D:9)
  A gnoll shaman (D:5)
  2 centaur skeletons (D:7)
  Ijyb (D:3)
  Jessica (D:3)
  5 iguanas
  A scorpion zombie (D:5)
  Natasha (thrice) (D:3)
  9 orc wizards
  3 killer bee zombies (D:8)
  A hound zombie (D:5)
  2 hound skeletons (D:4)
  Robin (D:3)
  8 gnolls (D:5)
  2 howler monkey skeletons
  3 adders
  A white imp (D:6)
  An ufetubus (D:4)
  An adder skeleton (D:5)
  2 worms (D:2)
  2 dart slugs
  22 orcs
  4 bats
  7 endoplasms
  2 giant cockroaches
  16 goblins
  7 hobgoblins
  12 kobolds
  A quokka (D:2)
  8 ball pythons
  A frilled lizard (D:1)
  5 rats
215 creatures vanquished.

Vanquished Creatures (others)
  11 fungi (Lair:1)
  12 plants
23 creatures vanquished.

Grand Total: 238 creatures vanquished

Notes
Turn   | Place    | Note
-------+----------+-------------------------------------------
     0 | D:1      | styxcanada the Spriggan Brigand began the quest for the
                  | Orb.
     0 | D:1      | Reached XP level 1. HP: 10/10 MP: 2/2
    43 | D:1      | Found Xaulohas's Magic Scroll Emporium.
   203 | D:1      | Reached skill level 6 in Stealth
   286 | D:1      | Reached XP level 2. HP: 12/14 MP: 3/3
   899 | D:2      | Noticed Sigmund
   946 | D:2      | Killed Sigmund
   947 | D:2      | Reached skill level 8 in Stealth
   947 | D:2      | Reached XP level 3. HP: 11/18 MP: 4/4
   947 | D:2      | Reached XP level 4. HP: 14/23 MP: 5/5
   947 | D:2      | Reached XP level 5. HP: 16/26 MP: 6/6
  1442 | D:2      | Found a faded altar of an unknown god.
  2436 | D:3      | Noticed Natasha
  2459 | D:3      | Killed Natasha
  2460 | D:3      | Reached skill level 9 in Stealth
  2507 | D:3      | Noticed Robin
  2637 | D:3      | Noticed Natasha
  2853 | D:3      | Noticed Ijyb
  2860 | D:3      | Killed Ijyb
  2861 | D:3      | Reached XP level 6. HP: 30/30 MP: 7/7
  2869 | D:3      | Found Jecsom's Distillery.
  3426 | D:3      | Noticed Jessica
  3431 | D:3      | Killed Jessica
  4083 | D:3      | Killed Robin
  4280 | D:3      | Killed Natasha
  4584 | D:3      | Noticed Natasha
  4609 | D:3      | Killed Natasha
  4984 | D:3      | Learned a level 3 spell: Confusing Touch
  5030 | D:4      | Reached skill level 1 in Evocations
  5149 | D:4      | Found a radiant altar of Vehumet.
  5219 | D:4      | Reached XP level 7. HP: 23/35 MP: 9/9
  5671 | D:4      | Identified the ring of Amorality {rPois rF+ Int+4 Slay+2
                  | SInv}
  5728 | D:4      | Reached skill level 1 in Spellcasting
  5728 | D:4      | Reached skill level 1 in Hexes
  6038 | D:5      | Entered Level 5 of the Dungeon
  6255 | D:5      | Reached skill level 5 in Dodging
  6464 | D:5      | Reached skill level 1 in Slings
  6464 | D:5      | Reached skill level 10 in Stealth
  6484 | D:5      | Got the Catalogue of Evil Summoning
  6587 | D:5      | Found a transporter.
  6690 | D:5      | Reached XP level 8. HP: 39/39 MP: 11/11
  6816 | D:5      | Found a transporter.
  6820 | D:5      | Noticed gorillafan208's ghost (novice OgBe)
  7172 | D:6      | Found Nixegri's Overcharged Wands.
  7336 | D:6      | Found a broken altar of Ashenzari.
  7402 | D:6      | Found a hazy altar of Hepliaklqana.
  7503 | D:6      | Reached skill level 11 in Stealth
  7676 | D:6      | Reached XP level 9. HP: 26/44 MP: 8/14
  8091 | D:6      | Found a glowing golden altar of the Shining One.
  8375 | D:7      | Found a stormy altar of Qazlal.
  8403 | D:7      | Found an ancient bone altar of Kikubaaqudgha.
  8493 | D:7      | Found a staircase to the Ecumenical Temple.
  8509 | Temple   | Entered the Ecumenical Temple
  8542 | Temple   | Became a worshipper of Gozag Ym Sagoz the Greedy
  8715 | D:7      | Reached skill level 5 in Evocations
  9066 | D:7      | Found an ornate altar of the Wu Jian Council.
  9201 | D:5      | Reached skill level 12 in Stealth
  9261 | D:5      | Killed gorillafan208's ghost
  9262 | D:5      | Reached skill level 5 in Short Blades
  9803 | D:8      | Noticed Erica
  9832 | D:8      | Killed Erica
  9833 | D:8      | Reached skill level 5 in Spellcasting
  9833 | D:8      | Reached XP level 10. HP: 45/49 MP: 18/18
  9850 | D:8      | Reached skill level 13 in Stealth
 10572 | D:8      | Found a runed translucent gate.
 10572 | D:8      | Found a runed translucent gate.
 10572 | D:8      | Found a runed translucent gate.
 10572 | D:8      | Noticed mrw3rdna's ghost (novice MiBe)
 10572 | D:8      | Noticed mrw3rdna's ghost (novice HOFi)
 10573 | D:8      | Noticed rogsnak's ghost (novice GnWz)
 10573 | D:8      | Noticed nroviw's ghost (novice HOFi)
 10574 | D:8      | Noticed FancyManDan's ghost (novice DsAK)
 10671 | D:8      | Killed mrw3rdna's ghost
 10672 | D:8      | Reached skill level 5 in Hexes
 10690 | D:8      | Killed nroviw's ghost
 10691 | D:8      | Reached skill level 5 in Slings
 10758 | D:8      | Killed FancyManDan's ghost
 10759 | D:8      | Reached skill level 14 in Stealth
 11311 | D:1      | Bought a scroll of immolation for 49 gold pieces
 11311 | D:1      | Bought a scroll of identify for 28 gold pieces
 11311 | D:1      | Bought a scroll of identify for 28 gold pieces
 11311 | D:1      | Bought a scroll of identify for 28 gold pieces
 11311 | D:1      | Bought a scroll of identify for 28 gold pieces
 11538 | D:8      | Killed rogsnak's ghost
 12245 | D:9      | Found a sacrificial altar of Ru.
 12568 | D:9      | Reached XP level 11. HP: 54/54 MP: 21/21
 12655 | D:9      | Gained mutation: Your muscles are strong. (Str +2) [potion
                  | of mutation]
 12655 | D:9      | Gained mutation: Armour fits poorly on your strangely
                  | shaped body. [potion of mutation]
 12656 | D:9      | Lost mutation: Your muscles are strong. (Str +2) [potion of
                  | mutation]
 12656 | D:9      | Lost mutation: Armour fits poorly on your strangely shaped
                  | body. [potion of mutation]
 12656 | D:9      | Gained mutation: You occasionally shout uncontrollably at
                  | your foes. [potion of mutation]
 12656 | D:9      | Gained mutation: You sometimes lose the ability to read
                  | scrolls when taking damage. [potion of mutation]
 12656 | D:9      | Gained mutation: You passively dampen the noise of your
                  | surroundings. [potion of mutation]
 12657 | D:9      | Lost mutation: You sometimes lose the ability to read
                  | scrolls when taking damage. [potion of mutation]
 12657 | D:9      | Lost mutation: You passively dampen the noise of your
                  | surroundings. [potion of mutation]
 12657 | D:9      | Lost mutation: You occasionally shout uncontrollably at
                  | your foes. [potion of mutation]
 12657 | D:9      | Gained mutation: You are somewhat resistant to further
                  | mutation. [potion of mutation]
 12657 | D:9      | Gained mutation: You are robust. (+10% HP) [potion of
                  | mutation]
 13522 | D:10     | Entered Level 10 of the Dungeon
 13964 | D:10     | Noticed a two-headed ogre
 13971 | D:10     | Killed a two-headed ogre
 13975 | D:10     | Found a runed translucent door.
 13975 | D:10     | Found a burning altar of Makhleb.
 13975 | D:10     | Noticed a sixfirhy
 13989 | D:10     | Found a shadowy altar of Dithmenos.
 14010 | D:10     | Found a snail-covered altar of Cheibriados.
 14176 | D:10     | Reached skill level 5 in Fighting
 14675 | D:11     | Noticed a brown ugly thing
 14683 | D:11     | Killed a brown ugly thing
 14684 | D:11     | Reached skill level 15 in Stealth
 14789 | D:11     | Found a staircase to the Lair.
 15502 | D:11     | Noticed a two-headed ogre
 15510 | D:11     | Killed a two-headed ogre
 15798 | Lair:1   | Entered Level 1 of the Lair of Beasts
 15823 | Lair:1   | Reached skill level 16 in Stealth
 16085 | Lair:1   | Noticed an eight-headed hydra
 16088 | Lair:1   | Bought a scorched short sword for 272 gold pieces
 16088 | Lair:1   | Identified the +2 short sword of the Volcano {protect,
                  | rElec rPois rCorr Str-4} (You bought it in a shop on level
                  | 1 of the Lair of Beasts)
 16548 | Lair:1   | HP: 3/60 [eight-headed hydra (2)]
 16549 | Lair:1   | Demolished by a komodo dragon

Illustrated notes

Levels and vault maps discovered:
D:1:      enne_arrival_octagon_isle, layout_loops_cross, serial_shops,
          nicolae_shop_temple_entry_statues_fountains, minmay_tetromino_s2
D:2:      layout_basic, hellmonk_ecumenical_altar_zigzags, serial_forest,
          infiniplex_forest_lined_corner, infiniplex_forest_clump_small,
          infiniplex_forest_join, infiniplex_forest_straight_2,
          infiniplex_forest_lined_room_, infiniplex_forest_end_2,
          infiniplex_forest_clump_curved, uniq_sigmund
D:3:      layout_basic, serial_shops, shop, ebering_dispersal_statue_hall,
          uniq_natasha, uniq_jessica, uniq_ijyb, uniq_robin
D:4:      layout_rooms, nicolae_vehumet_radiance, amethyst_killhole
D:5:      layout_basic, gammafunk_ghost_gnarly_gnolls
D:6:      layout_basic, mainiacjoe_overflow_surrounded_room,
          mainiacjoe_overflow_alcove_4, worldfamousw_hep_ancestral_shrine,
          nicolae_shop_overcharged_wands
D:7:      layout_rooms, mainiacjoe_overflow_24_doors,
          chequers_temple_overflow_statue_of_worship, minmay_temple_entry_arrows
D:8:      layout_basic, gammafunk_ghost_cemetery, uniq_erica
D:9:      layout_basic, amcnicky_altar_gilded
D:10:     layout_stronghold, nzn_makhleb_speed_demon, kennysheep_mini_moat,
          lemuel_doored_altar
D:11:     layout_basic, david_lair_shrubbed, grunt_decor_cap, dk_vineyard_2
Temple:   minmay_temple_curvy_loop
Lair:1:   layout_loops_ring

Skill      XL: |  1  2  3  4  5  6  7  8  9 10 11 |
---------------+----------------------------------+-----
Dodging        | 2 3 4 5 6 7 8 9 |  9.4
Stealth        | 6 8 9 10 11 12 14 16 | 16.0
Fighting       | 2 3 4 5 |  5.1
Short Blades   | 3 4 5 6 |  6.3
Evocations     | 1 3 4 5 7 8 |  8.0
Spellcasting   | 1 3 5 6 |  6.9
Hexes          | 2 3 4 5 6 |  6.7
Slings         | 1 2 3 7 8 |  8.8
Throwing       | 3 |  3.6

Action                   |  1- 3 |  4- 6 |  7- 9 | 10-12 || total
-------------------------+-------+-------+-------+-------++-------
Melee: Dagger            |    32 |   226 |   347 |   340 ||   945
       Short sword       |       |       |       |    25 ||    25
 Fire: Hunting sling     |       |     6 |    20 |    66 ||    92
Throw: Dart              |    12 |    33 |     4 |    31 ||    80
       Stone             |       |     4 |     3 |       ||     7
 Cast: Confusing Touch   |       |       |    11 |     8 ||    19
Invok: Call Merchant     |       |       |       |     1 ||     1
Evoke: Wand              |       |       |       |     8 ||     8
  Use: Scroll            |       |     4 |     9 |    14 ||    27
       Potion            |       |     4 |     1 |     5 ||    10
 Stab: Sleeping          |     4 |     6 |    10 |    25 ||    45
       Distracted        |       |       |     3 |     3 ||     6
       Confused          |       |       |     9 |     5 ||    14
       Invisible         |       |       |     7 |     7 ||    14
       Paralysed         |       |       |       |     2 ||     2
Armor: Robe              |     1 |    32 |    26 |    33 ||    92
Dodge: Dodged            |    15 |   139 |   253 |   271 ||   678
